 Dungeon Crawl Stone Soup version 0.31-a0-152-g6aa68a64a1 (webtiles) character file.

Game seed: 7113778829912455203

1372 qw the Cleaver (level 8, -4/49 HPs)
             Began as a Gargoyle Fighter on June 10, 2023.
             Killed from afar by a steam dragon (11 damage)
             ... with a ball of steam
             ... on level 6 of the Dungeon.
             The game lasted 00:02:20 (4933 turns).

qw the Cleaver (Gargoyle Fighter)                   Turns: 4933, Time: 00:02:21

Health: -4/49      AC: 19    Str: 22    XL:     8   Next: 65%
Magic:  8/8        EV:  6    Int:  9    God:
Gold:   424        SH:  4    Dex:  9    Spells: 7/7 levels left

rFire   . . .        Y - +1 war axe (heavy)
rCold   . . .        c - +0 buckler
rNeg    + . .        o - +1 plate armour
rPois   inf          (no helmet)
rElec   +            (no cloak)
rCorr   .            p - +0 pair of gloves
SInv    .            (no boots)
Will    +....        (no amulet) Stlth
                     i - ring of willpower
HPRegen 0.28/turn    (no ring)
MPRegen 0.11/turn

%: no passive effects
@: no status effects
A: sickness immunity, AC +5, negative energy resistance 1, electricity
resistance, torment resistance 1, petrification resistance
a: no special abilities


You were on level 6 of the Dungeon.
You visited 2 branches of the dungeon, and saw 7 of its levels.

You collected 424 gold pieces.


Innate Abilities, Weirdness & Mutations

You are immune to sickness and miasma.
Your stone body is resilient. (AC +5)
You are immune to poison.
You resist negative energy. (rN+)
You are resistant to electric shocks. (rElec)
You are resistant to unholy torment.
You are immune to petrification.


   Skills:
 + Level 5.0 Fighting
 - Level 8.0 Axes
 - Level 2.0 Throwing
 - Level 4.6 Armour
 - Level 1.6 Dodging
 - Level 3.2 Shields


You had 7 spell levels left.
You didn't know any spells.
Your spell library was empty.

Inventory:

Hand Weapons
 r - a +0 flail
 Y - a +1 heavy war axe (weapon)
Missiles
 k - 5 javelins (quivered)
Armour
 c - a +0 buckler (worn)
 o - a +1 plate armour (worn)
 p - a +0 pair of gloves (worn)
Jewellery
 i - a ring of willpower (left hand)
Scrolls
 a - a scroll of identify
Potions
 b - a potion of cancellation
 d - 2 potions of might
 e - a potion of mutation
 f - a potion of heal wounds
 g - a potion of enlightenment {unknown}
 h - a potion of resistance
 j - 2 potions of haste
 l - a potion of attraction {unknown}
 m - a potion of ambrosia {unknown}
 n - 5 potions of curing

Dungeon Overview and Level Annotations

Branches:
Dungeon (6/15)             Temple (1/1) D:6

Altars:
Ashenzari
Cheibriados
Elyvilon
Fedhas
Gozag
Hepliaklqana
Kikubaaqudgha
Makhleb
Nemelex Xobeh
Qazlal
Ru
Sif Muna
Trog
Uskayaw
Vehumet
Xom
Yredelemnul
Zin
The Shining One

Annotations:
D:2 1 runed translucent door, Crazy Yiuf
D:5 3 runed translucent doors, qw's ghost, amateur NaHu


Message History

Enter note:
Enter note:
Enter note:
Enter note:
Enter note:
Enter note: You barely miss the steam dragon.
The steam dragon barely misses you. x2
The steam dragon breathes steam at you.
The ball of steam hits you but does no damage.
You hear a shout! x4
You slice the steam dragon!!
The steam dragon is almost dead.
You are engulfed in a cloud of scalding steam.
The crimson imp enters a dispersal trap!
The steam dragon blinks!
You blink.
The steam dragon bites you but does no damage.
The steam dragon closely misses you.
You closely miss the steam dragon.
The steam dragon is almost dead.
The crimson imp shouts!
The steam dragon breathes steam at you. The ball of steam hits you.
A crimson imp comes into view.
The steam dragon bites you but does no damage.
The steam dragon claws you but does no damage.
You barely miss the steam dragon.
The steam dragon is almost dead.
You closely miss the crimson imp.
You are engulfed in a cloud of scalding steam.
The steam dragon breathes steam at you.
The ball of steam hits you but does no damage.
The crimson imp hits you.
You closely miss the steam dragon.
The steam dragon is almost dead.
You barely miss the crimson imp.
You are engulfed in a cloud of scalding steam.
The steam dragon breathes steam at you. The ball of steam hits you!
You die...

.########.# #......# #
#)# #.####.##### #.# #.#
#...... ###.### #.#
####### # #.....# ##.#
#^# ###.#.###..#
#...###.#.##...## ####
+._55..5.¤......######...
#...#.5D@.¤.<........#.##
#^# ##.............#(....
# #....###...###.#.....
#####.# ##.## #...)... #.
#.# #.# ###.....
....##.##.# #.# #.....
....<<.....# #.# ###.##
......##.##.# #.# #.#
#.....##.##.# #.# #.##


You could see a steam dragon (catching breath) and 4 crimson imps.

Vanquished Creatures
  A water moccasin (D:5)
  An ice beast (D:6)
  2 centaurs
  2 ogres
  A phantom (D:6)
  3 wights (D:6)
  An orc priest (D:5)
  A hound (D:5)
  2 jellies (D:5)
  3 sleepcaps
  4 iguanas
  3 orc wizards (D:5)
  8 gnolls
  5 adders
  A white imp (D:6)
  2 ufetubi
  7 worms
  2 dart slugs
  5 orcs (D:5)
  5 ball pythons
  7 endoplasms
  3 giant cockroaches
  3 goblins (D:1)
  10 hobgoblins
  5 jackals
  2 quokkas
  7 bats
  7 frilled lizards
  5 kobolds
  3 rats
111 creatures vanquished.

Notes
Turn   | Place    | Note
-------+----------+-------------------------------------------
     0 | D:1      | qw the Gargoyle Fighter began the quest for the Orb.
     0 | D:1      | Reached XP level 1. HP: 14/14 MP: 1/1
     0 | D:1      | 0 ||| qw: Version: 0.2-a-123-gb51047a
     0 | D:1      | 0 ||| qw: Game counter: 3775
     0 | D:1      | 0 ||| qw: Always use a shield: true
     0 | D:1      | 0 ||| qw: God list: Okawaru
     0 | D:1      | 0 ||| qw: Allow faded altars: false
     0 | D:1      | 0 ||| qw: Do Orc after D:15 true
     0 | D:1      | 0 ||| qw: Do second Lair branch before Depths: true
     0 | D:1      | 0 ||| qw: Lair rune preference: random
     0 | D:1      | 0 ||| qw: Plans: Normal, Zot:1-4, Slime:5, God:TSO, Crypt,
                  | Tomb, Abyss, Pan, Hells, Win
     0 | D:1      | 0 ||| PLANNING D:1-11
    30 | D:1      | Reached skill level 2 in Axes
    48 | D:1      | 48 ||| Stepping ~*~*~tactically~*~*~ (stealth).
   102 | D:1      | Reached XP level 2. HP: 18/19 MP: 2/2
   134 | D:1      | 134 ||| Stepping ~*~*~tactically~*~*~ (hiding).
   217 | D:1      | Reached skill level 3 in Axes
   253 | D:1      | Reached XP level 3. HP: 18/23 MP: 3/3
   652 | D:1      | 652 ||| READING 2 scrolls labelled FARETELE TYUDO.
   685 | D:2      | Found a faded altar of an unknown god.
   714 | D:2      | 714 ||| Stepping ~*~*~tactically~*~*~ (hiding).
   715 | D:2      | 715 ||| Stepping ~*~*~tactically~*~*~ (hiding).
   733 | D:2      | 733 ||| Stepping ~*~*~tactically~*~*~ (hiding).
   739 | D:2      | Reached XP level 4. HP: 17/28 MP: 4/4
   784 | D:2      | 784 ||| DROPPING +0 club.
   832 | D:2      | Reached skill level 4 in Axes
  1003 | D:2      | Found a bloodstained altar of Trog.
  1060 | D:2      | 1060 ||| Stepping ~*~*~tactically~*~*~ (stealth).
  1189 | D:2      | Found a runed translucent door.
  1190 | D:2      | Noticed Crazy Yiuf
  1292 | D:2      | 1292 ||| UPGRADING to ring of willpower.
  1293 | D:2      | 1293 ||| READING scroll labelled QILOCIUQAN.
  1294 | D:2      | 1294 ||| READING scroll labelled MOSIECH LOGHU.
  1295 | D:2      | 1295 ||| READING scroll labelled DUTOTI XIKAWK.
  1296 | D:2      | 1296 ||| READING 2 scrolls of identify.
  1296 | D:2      | 1296 ||| IDENTIFYING fizzy sapphire potion
  1468 | D:3      | Found a glowing silver altar of Zin.
  1648 | D:3      | Found a burning altar of Makhleb.
  1649 | D:3      | Noticed a cacodemon
  1725 | D:3      | 1725 ||| DROPPING +0 whip.
  1741 | D:3      | Reached XP level 5. HP: 32/32 MP: 5/5
  1881 | D:3      | 1881 ||| Stepping ~*~*~tactically~*~*~ (hiding).
  2121 | D:3      | 2121 ||| UPGRADING to +0 plate armour.
  2131 | D:3      | 2131 ||| DROPPING +0 scale mail.
  2132 | D:3      | 2132 ||| READING scroll of enchant armour.
  2132 | D:3      | 2132 ||| ENCHANTING +0 plate armour.
  2133 | D:3      | 2133 ||| READING scroll labelled RASUEL WEKHI.
  2134 | D:3      | 2134 ||| READING scroll labelled SITHRYTHRAMI.
  2135 | D:3      | 2135 ||| DROPPING +2 morningstar of holy wrath.
  2136 | D:3      | 2136 ||| DRINKING 3 fizzy orange potions.
  2322 | D:4      | 2322 ||| READING scroll of brand weapon.
  2322 | D:4      | 2322 ||| BRANDING +0 war axe of flaming.
  2403 | D:4      | Noticed an ogre
  2409 | D:4      | Killed an ogre
  2410 | D:4      | Reached skill level 5 in Axes
  2480 | D:4      | Found a shimmering blue altar of Sif Muna.
  2531 | D:4      | Reached XP level 6. HP: 37/37 MP: 6/6
  2745 | D:4      | 2745 ||| Stepping ~*~*~tactically~*~*~ (stealth).
  2969 | D:4      | 2969 ||| DROPPING amulet of magic regeneration.
  2970 | D:4      | 2970 ||| DRINKING 2 fizzy blue potions.
  2971 | D:4      | 2971 ||| DRINKING 3 red potions.
  2972 | D:4      | 2972 ||| DRINKING 2 yellow potions.
  2973 | D:4      | 2973 ||| READING 2 scrolls of identify.
  2973 | D:4      | 2973 ||| IDENTIFYING metallic sapphire potion
  2974 | D:4      | 2974 ||| DROPPING potion of brilliance.
  3000 | D:5      | Entered Level 5 of the Dungeon
  3003 | D:5      | Noticed a water moccasin
  3025 | D:5      | Killed a water moccasin
  3025 | D:5      | HP: 7/38 [iguana (5)]
  3026 | D:5      | Reached skill level 6 in Axes
  3149 | D:5      | 3149 ||| STAIRDANCE
  3178 | D:5      | Reached XP level 7. HP: 43/43 MP: 7/7
  3231 | D:5      | Found a runed translucent gate.
  3231 | D:5      | Found a runed translucent gate.
  3231 | D:5      | Found a runed translucent gate.
  3257 | D:5      | 3257 ||| Stepping ~*~*~tactically~*~*~ (hiding).
  3347 | D:5      | 3347 ||| Stepping ~*~*~tactically~*~*~ (hiding).
  3357 | D:5      | Reached skill level 7 in Axes
  3435 | D:5      | Identified the +12 short sword of Karma {antimagic, Str+3}
  3436 | D:5      | 3436 ||| DROPPING +0 mace.
  3850 | D:5      | Noticed qw's ghost (amateur NaHu)
  4001 | D:5      | 4001 ||| UPGRADING to +0 pair of gloves.
  4006 | D:5      | 4006 ||| READING scroll labelled EPOUVVU YTRYAT.
  4007 | D:5      | 4007 ||| READING scroll labelled XITTEF ZUMIUMO.
  4008 | D:5      | 4008 ||| READING 2 scrolls of identify.
  4008 | D:5      | 4008 ||| IDENTIFYING orange potion
  4227 | D:6      | Reached XP level 8. HP: 49/49 MP: 8/8
  4250 | D:6      | 4250 ||| Stepping ~*~*~tactically~*~*~ (hiding).
  4328 | D:6      | Found a staircase to the Ecumenical Temple.
  4329 | D:6      | 4329 ||| PLANNING TEMPLE
  4329 | D:6      | 4329 ||| READING scroll labelled LUEDWUEDUY.
  4339 | D:6      | Reached skill level 1 in Dodging
  4571 | Temple   | Entered the Ecumenical Temple
  4732 | Temple   | 4732 ||| PLANNING D:1-11
  4865 | D:6      | Reached skill level 8 in Axes
  4928 | D:6      | Found a shimmering altar of Xom.
  4933 | D:6      | HP: 7/49 [steam dragon] (18)]
  4933 | D:6      | Killed from afar by a steam dragon

Levels and vault maps discovered:
D:1:      spicycebolla_arrival_clurvy, layout_basic
D:2:      layout_rooms, chequers_ecumenical_altar_simple_redux, basic_altar,
          uniq_crazy_yiuf_cottage
D:3:      minmay_general_purpose_star, layout_basic, makhleb_altar_promises_db,
          mainiacjoe_overflow_six_doors_small, minmay_tree_intersection,
          st_stairs_7
D:4:      layout_basic, nicolae_overflow_hidden_temple, minmay_cupped
D:5:      layout_loops_ring, gammafunk_ghost_icy
D:6:      layout_loops_ring, led_xom_imps, lemuel_temple_firewalk_a,
          hangedman_decor_clover_reticule, small_statue_intersection
Temple:   nicolae_temple_bog_church

Skill      XL: |  1  2  3  4  5  6  7  8 |
---------------+-------------------------+-----
Axes           | 2 3 4 5 6 7 8 |  8.0
Fighting       | 4 5 |  5.0
Armour         | 4 |  4.6
Throwing       | 2 |  2.0
Dodging        | 1 |  1.6
Shields        | |  3.2

Action                     |  1- 3 |  4- 6 |  7- 9 || total
---------------------------+-------+-------+-------++-------
  Melee: War axe           |    95 |   168 |    82 ||   345
  Throw: Javelin           |       |       |     8 ||     8
    Use: Scroll            |     1 |     9 |     4 ||    14
         Potion            |       |     4 |       ||     4
 Armour: Scale mail        |    54 |    47 |       ||   101
         Plate armour      |       |    57 |    72 ||   129
  Dodge: Dodged            |    38 |    82 |    31 ||   151
  Block: Buckler           |    23 |    30 |    20 ||    73

Table legend:
 A = Non-vault XP
 B = Vault XP
 C = Vault XP percentage of total XP
 D = Non-vault monster count
 E = Vault monster count
 F = Vault count percentage of total count
                 A         B        C        D         E       F
            +---------+---------+-------+---------+---------+-------
      Total |    1939 |      21 |   1.1 |     104 |       7 |   6.3
            +---------+---------+-------+---------+---------+-------
        D:1 |      47 |       0 |   0.0 |      21 |       0 |   0.0
        D:2 |      90 |       0 |   0.0 |      22 |       0 |   0.0
        D:3 |      25 |      10 |  28.6 |      12 |       3 |  20.0
        D:4 |     158 |      11 |   6.5 |      12 |       4 |  25.0
        D:5 |     651 |       0 |   0.0 |      18 |       0 |   0.0
        D:6 |     968 |       0 |   0.0 |      19 |       0 |   0.0
            +---------+---------+-------+---------+---------+-------
